 Dungeon Crawl Stone Soup version 0.30-b1-2-g02819fbbbe (webtiles) character file.

Game seed: 596765326271668685

557 Anothat the Protected (level 7, -2/60 HPs)
             Began as a Gnoll Wanderer on May 11, 2023.
             Slain by an orc priest
             ... wielding a +0 hand axe
              (4 damage)
             ... on level 4 of the Dungeon.
             The game lasted 00:06:09 (3917 turns).

Anothat the Protected (Gnoll Wanderer)              Turns: 3917, Time: 00:06:09

Health: -2/60      AC: 12    Str: 15    XL:     7   Next: 30%
Magic:  15/15      EV:  8    Int:  9    God:
Gold:   7          SH:  0    Dex: 12    Spells: 17/17 levels left

rFire   . . .        j - +2 trident (vamp)
rCold   . . .        (no shield)
rNeg    . . .        b - +0 chain mail
rPois   .            (no helmet)
rElec   .            p - +0 cloak
rCorr   .            (no gloves)
SInv    .            (no boots)
Will    .....        (no amulet) Stlth
                     (no ring)
HPRegen 0.30/turn    (no ring)
MPRegen 0.14/turn

%: no passive effects
@: no status effects
A: fangs 1, strong nose, distributed training
a: no special abilities


You were on level 4 of the Dungeon.
You visited 1 branch of the dungeon, and saw 4 of its levels.

You collected 156 gold pieces.
You spent 149 gold pieces at shops.

Inventory:

Hand Weapons
 a - a +1 falchion
 j - a +2 vampiric trident (weapon)
Armour
 b - a +0 chain mail (worn)
 p - a +0 cloak (worn)
Jewellery
 g - a ring of wizardry
Scrolls
 d - 8 scrolls of identify {unknown}
 h - a scroll of teleportation {unknown}
 i - a scroll of enchant armour {unknown}
 l - a scroll of blinking {unknown}
 m - a scroll of vulnerability {unknown}
 n - a scroll of immolation {unknown}
Potions
 c - a potion of lignification
 e - a potion of degeneration {unknown}
 f - a potion of attraction {unknown}
 k - a potion of brilliance {unknown}
 o - a potion of might {unknown}


   Skills:
 + Level 7.0 Fighting
 + Level 2.5 Short Blades
 + Level 3.6 Long Blades
 + Level 2.5 Axes
 + Level 2.5 Maces & Flails
 + Level 2.5 Polearms
 + Level 2.5 Staves
 + Level 2.5 Ranged Weapons
 + Level 2.5 Throwing
 + Level 8.9 Armour
 + Level 2.5 Dodging
 + Level 2.5 Stealth
 + Level 2.5 Shields
 + Level 2.5 Unarmed Combat
 + Level 5.6 Spellcasting
 + Level 2.0 Conjurations
 + Level 2.0 Hexes
 + Level 2.0 Summonings
 + Level 2.0 Necromancy
 + Level 2.0 Translocations
 + Level 2.0 Transmutations
 + Level 2.0 Fire Magic
 + Level 2.0 Ice Magic
 + Level 2.0 Air Magic
 + Level 2.0 Earth Magic
 + Level 2.0 Poison Magic
 + Level 2.8 Invocations
 + Level 2.5 Evocations


You had 17 spell levels left.
You didn't know any spells.
Your spell library contained the following spells:

 Spells                   Type           Power      Damage    Failure   Level
 Beastly Appendage        Tmut           12%        N/A       67%         1
 Lesser Beckoning         Tloc           12%        N/A       82%         2
 Wereblood                Tmut           6%         N/A       82%         2
 Gell's Gravitas          Tloc           6%         N/A       96%         3
 Portal Projectile        Hex/Tloc       12%        N/A       96%         3
 Spider Form              Tmut/Pois      6%         N/A       96%         3
 Teleport Other           Tloc           6%         N/A       96%         3
 Tukima's Dance           Hex            6%         N/A       96%         3
 Petrify                  Tmut/Erth      6%         N/A       100%        4
 Blade Hands              Tmut           3%         N/A       100%        5
 Metabolic Englaciation   Hex/Ice        3%         N/A       100%        5
 Statue Form              Tmut/Erth      4%         N/A       100%        6


Dungeon Overview and Level Annotations

Branches:
Dungeon (4/15)
 Temple: D:4-7

Altars:
Qazlal
Xom

Shops:
D:2 [   D:4 (


Innate Abilities, Weirdness & Mutations

You have very sharp teeth.
Your uncanny sense of smell can sniff out nearby items.
Your experience applies equally to all skills.


Message History

The orc priest looks encouraged for a moment.
You miss something. Something hits you but does no damage.
You closely miss something.
You hear some strange, mumbled words.
A puff of flame appears from out of thin air!
The puff of flame hits you!
The orc priest invokes the aid of Beogh against you.
Something writhes in agony.
Something completely misses you.
You barely miss something. Something hits you but does no damage.
You barely miss something. Something hits you but does no damage.
You barely miss something. Your bite misses something.
Something hits you but does no damage.
The orc priest mumbles some strange prayers to Beogh against you.
Beogh smites you!
You miss something. Something hits you.
* * * LOW HITPOINT WARNING * * *
You barely miss something. Your bite misses something.
Something hits you but does no damage.
Okay, then.
You barely miss something.
Something hits you but does no damage. x2
You puncture something!
Reactivating autopickup.
You feel a bit more experienced.
You closely miss the orc priest.
The orc priest is moderately wounded.
The orc priest calls down the wrath of Beogh upon you.
Pain shoots through your body!
* * * LOW HITPOINT WARNING * * *
You puncture the orc priest!
The orc priest is almost dead.
The orc priest hits you but does no damage.
You hit the orc priest but do no damage.
The orc priest is almost dead.
The orc priest calls down the wrath of Beogh upon you.
Beogh smites you!
* * * LOW HITPOINT WARNING * * *
You hit the orc priest but do no damage.
The orc priest is almost dead.
The orc priest hits you with a +0 hand axe.
You die...

####################
.................>..
#'######+###.####.##
.............# .#
.............####.##+._.
.........>....so@.......
............#####......_
...........)# .......
...........). ..##.##
...#.......... ..# ..
############... ∆.^# #
..# .... ..# #.#
......<# #.# ####..


You could see a scorpion and an orc priest.

Vanquished Creatures
  A black bear (D:4)
  An ogre (D:4)
  A jelly (D:4)
  A hound (D:4)
  Crazy Yiuf (D:3)
  An iguana (D:4)
  2 orc wizards
  8 gnolls
  3 adders (D:3)
  2 worms
  3 dart slugs
  11 orcs
  4 bats
  7 endoplasms
  4 giant cockroaches
  3 goblins (D:3)
  2 hobgoblins
  6 jackals (D:1)
  6 quokkas
  4 ball pythons
  3 frilled lizards
  7 kobolds
  5 rats
86 creatures vanquished.

Vanquished Creatures (others)
  An orc wizard (D:3)
  4 plants (D:4)
5 creatures vanquished.

Grand Total: 91 creatures vanquished

Notes
Turn   | Place    | Note
-------+----------+-------------------------------------------
     0 | D:1      | Anothat the Gnoll Wanderer began the quest for the Orb.
     0 | D:1      | Anothat set off with the following items: a +1 falchion, a
                  | +0 chain mail, a potion of lignification.
     0 | D:1      | Reached XP level 1. HP: 23/23 MP: 6/6
    71 | D:1      | Reached XP level 2. HP: 23/29 MP: 7/7
   603 | D:1      | Reached skill level 5 in Spellcasting
   603 | D:1      | Reached XP level 3. HP: 35/35 MP: 7/9
  1008 | D:2      | Found Meomoy's Armour Boutique.
  1184 | D:2      | Reached skill level 1 in Invocations
  1777 | D:3      | Reached skill level 1 in Short Blades
  1777 | D:3      | Reached skill level 1 in Axes
  1777 | D:3      | Reached skill level 1 in Maces & Flails
  1777 | D:3      | Reached skill level 1 in Polearms
  1777 | D:3      | Reached skill level 1 in Staves
  1777 | D:3      | Reached skill level 1 in Ranged Weapons
  1777 | D:3      | Reached skill level 1 in Throwing
  1777 | D:3      | Reached skill level 1 in Dodging
  1777 | D:3      | Reached skill level 1 in Stealth
  1777 | D:3      | Reached skill level 1 in Shields
  1777 | D:3      | Reached skill level 1 in Unarmed Combat
  1777 | D:3      | Reached skill level 1 in Evocations
  1975 | D:3      | Reached XP level 4. HP: 41/41 MP: 11/11
  2135 | D:3      | Reached skill level 1 in Conjurations
  2135 | D:3      | Reached skill level 1 in Hexes
  2135 | D:3      | Reached skill level 1 in Summonings
  2135 | D:3      | Reached skill level 1 in Necromancy
  2135 | D:3      | Reached skill level 1 in Translocations
  2135 | D:3      | Reached skill level 1 in Transmutations
  2135 | D:3      | Reached skill level 1 in Fire Magic
  2135 | D:3      | Reached skill level 1 in Ice Magic
  2135 | D:3      | Reached skill level 1 in Air Magic
  2135 | D:3      | Reached skill level 1 in Earth Magic
  2135 | D:3      | Reached skill level 1 in Poison Magic
  2228 | D:3      | Reached XP level 5. HP: 25/47 MP: 12/12
  2476 | D:3      | Found a runed translucent door.
  2477 | D:3      | Noticed Crazy Yiuf
  2993 | D:3      | Killed Crazy Yiuf
  2994 | D:3      | Reached XP level 6. HP: 53/53 MP: 13/13
  3448 | D:4      | Found Ofreor's Antique Weapon Shoppe.
  3661 | D:4      | Reached XP level 7. HP: 52/60 MP: 15/15
  3836 | D:4      | Bought a glowing trident for 149 gold pieces
  3891 | D:4      | Found a shimmering altar of Xom.
  3900 | D:4      | Found a stormy altar of Qazlal.
  3916 | D:4      | HP: 2/60 [orc priest/divine providence (13)]
  3917 | D:4      | Slain by an orc priest

Illustrated notes

Levels and vault maps discovered:
D:1:      matt_arrival_diagonals, layout_basic, minmay_heptomino_h4
D:2:      layout_basic, serial_shops, shop
D:3:      minmay_door_path, layout_basic, dreamdust_princess_bridge,
          uniq_crazy_yiuf_cottage
D:4:      layout_basic, grunt_temple_overflow_open, minmay_temple_entry_wispy,
          serial_shops, shop, chequers_big_river,
          amcnicky_altar_lugonu_corruption

Skill      XL: |  1  2  3  4  5  6  7 |
---------------+----------------------+-----
Spellcasting   | 5 |  5.6
Invocations    | 1 2 |  2.8
Short Blades   | 1 2 |  2.5
Axes           | 1 2 |  2.5
Maces & Flails | 1 2 |  2.5
Polearms       | 1 2 |  2.5
Staves         | 1 2 |  2.5
Ranged Weapons | 1 2 |  2.5
Throwing       | 1 2 |  2.5
Dodging        | 1 2 |  2.5
Stealth        | 1 2 |  2.5
Shields        | 1 2 |  2.5
Unarmed Combat | 1 2 |  2.5
Evocations     | 1 2 |  2.5
Conjurations   | 1 2 |  2.0
Hexes          | 1 2 |  2.0
Summonings     | 1 2 |  2.0
Necromancy     | 1 2 |  2.0
Translocations | 1 2 |  2.0
Transmutations | 1 2 |  2.0
Fire Magic     | 1 2 |  2.0
Ice Magic      | 1 2 |  2.0
Air Magic      | 1 2 |  2.0
Earth Magic    | 1 2 |  2.0
Poison Magic   | 1 2 |  2.0
Long Blades    | 3 |  3.6
Fighting       | 7 |  7.0
Armour         | |  8.9

Action                     |  1- 3 |  4- 6 |  7- 9 || total
---------------------------+-------+-------+-------++-------
  Melee: Falchion          |   138 |   189 |     7 ||   334
         Punch             |     5 |     5 |     1 ||    11
         Bite              |    16 |    21 |     3 ||    40
         Trident           |       |       |    26 ||    26
  Throw: Throwing net      |       |     1 |       ||     1
    Use: Potion            |       |     2 |       ||     2
   Stab: Held in net/web   |       |     1 |       ||     1
 Armour: Chain mail        |    70 |   104 |    29 ||   203
  Dodge: Dodged            |    52 |    65 |     6 ||   123
